 Dungeon Crawl Stone Soup version 0.31.0-12-g77e489cdc1 (webtiles) character file.

Game seed: 4774395008222703829

97499 MonkeyDNika the Severer (level 15, 0/139 HPs)
             Began as a Minotaur Fighter on Feb 16, 2024.
             Was an Elder of Okawaru.
             Killed from afar by Nikola (67 damage)
             ... with an arc of chain lightning
             ... on level 1 of the Spider Nest.
             The game lasted 02:08:32 (43029 turns).

MonkeyDNika the Severer (Minotaur Fighter)         Turns: 43029, Time: 02:08:33

Health: 0/139      AC: 36    Str: 30    XL:     15   Next: 72%
Magic:  17/21      EV:  9    Int:  5    God:    Okawaru [****..]
Gold:   1763       SH: 18    Dex:  8    Spells: 14/14 levels left

rFire   + . .        U - +5 war axe (vamp)
rCold   . . .        l - +0 kite shield
rNeg    . . .        i - +9 plate armour of the Forsaken Scars {Rampage rC+ Dex-3 Stlth+}
rPois   .            (helmet restricted)
rElec   .            O - +0 cloak
rCorr   .            A - +2 pair of gloves {Str+3}
SInv    +            I - +1 pair of boots of Puckish Contentment {Fly Will+ SInv}
Will    ++...        W - amulet of reflection Stlth
                     s - ring of fire
HPRegen 0.43/turn    M - +4 ring of slaying
MPRegen 0.17/turn

%: reflection, rampage
@: heroic, finesse-ful, flying
A: horns 2, retaliatory headbutt
a: Renounce Religion, Heroism, Finesse


You were on level 1 of the Spider Nest.
You worshipped Okawaru.
Okawaru was greatly pleased with you.
You visited 6 branches of the dungeon, and saw 26 of its levels.

You collected 2987 gold pieces.
You spent 1224 gold pieces at shops.

Inventory:

Hand Weapons
 g - a +0 battleaxe
 h - the +11 dagger "Hydraslayer" {drain, *Slow rF+ rC++ Stlth+}
   (You found it on level 3 of the Lair of Beasts)

   rF+:       It protects you from fire.
   rC++:      It greatly protects you from cold.
   *Slow:     It may slow you when you take damage.
   Stlth+:    It makes you more stealthy.
 r - a +0 broad axe
 U - a +5 vampiric war axe (weapon)
Missiles
 c - a curare-tipped dart (quivered)
 d - 13 boomerangs
 j - 26 poisoned darts
 k - 8 atropa-tipped darts
 m - 3 silver javelins
 z - 6 datura-tipped darts
 T - 15 javelins
 V - 3 darts of dispersal
Armour
 i - the +9 plate armour of the Forsaken Scars (worn) {Rampage rC+ Dex-3 Stlth+}
   (You found it on level 12 of the Dungeon)

   Dex-3:     It affects your dexterity (-3).
   rC+:       It protects you from cold.
   Rampage:   It bestows one free step when moving towards enemies.
   Stlth+:    It makes you more stealthy.
 l - a +0 kite shield (worn)
 A - a +2 pair of gloves of strength (worn)
 F - a +3 chain mail of poison resistance
 I - the +1 pair of boots of Puckish Contentment (worn) {Fly Will+ SInv}
   (You bought it in a shop on level 5 of the Dungeon)

   Will+:     It increases your willpower.
   SInv:      It lets you see invisible.
   Fly:       It grants you flight.
 O - a +0 cloak (worn)
Jewellery
 s - a ring of fire (left hand)
 x - an amulet of regeneration
 E - a +4 ring of protection
 M - a +4 ring of slaying (right hand)
 W - an amulet of reflection (around neck)
 Y - a ring of positive energy
 Z - a ring of ice
Talismans
 f - a dragon-blood talisman
Wands
 b - a wand of polymorph (4)
 t - a wand of mindburst (7)
 v - a wand of digging (8)
 Q - a wand of roots (9)
 S - a wand of flame (19)
Scrolls
 a - 2 scrolls of fog
 o - a scroll of amnesia
 p - a scroll of teleportation
 q - 3 scrolls of blinking
 y - 4 scrolls of identify
 B - 4 scrolls of revelation
 P - a scroll of silence
Potions
 e - a potion of invisibility
 n - 2 potions of ambrosia
 u - 7 potions of curing
 w - a potion of resistance
 D - a potion of might
 H - 5 potions of cancellation
 K - 2 potions of brilliance
 L - a potion of enlightenment
 N - a potion of magic
 R - a potion of attraction


   Skills:
 + Level 14.3(19.3) Fighting
 - Level 18.0(23.0) Axes
 - Level 10.0(15.0) Throwing
 + Level 14.3(19.3) Armour
 + Level 14.1(19.1) Shields
 * Level 10.3 Invocations
 + Level 1.6 Evocations


You had 14 spell levels left.
You didn't know any spells.
Your spell library contained the following spells:

 Spells                   Type           Power      Damage    Failure   Level
 Sting                    Conj/Alch      0%         1d3       95%         1
 Blink                    Tloc           0%         N/A       99%         2
 Lesser Beckoning         Tloc           0%         N/A       99%         2
 Mercury Vapours          Alch/Air       0%         N/A       99%         2
 Momentum Strike          Conj/Tloc      0%         3d8       99%         2
 Static Discharge         Conj/Air       0%         3-3/arc   99%         2
 Dazzling Flash           Conj/Hex       0%         N/A       100%        3
 Mephitic Cloud           Conj/Alch/Air  0%         N/A       100%        3
 Sigil of Binding         Hex            0%         N/A       100%        3
 Airstrike                Air            0%         2d(0-16)  100%        4
 Dimensional Bullseye     Hex/Tloc       0%         N/A       100%        4
 Olgreb's Toxic Radiance  Alch           0%         N/A       100%        4
 Curse of Agony           Necr           0%         N/A       100%        5
 Freezing Cloud           Conj/Ice/Air   0%         6-21      100%        5
 Silence                  Hex/Air        0%         N/A       100%        5
 Eringya's Noxious Bog    Alch           0%         4d6       100%        6
 Ozocubu's Refrigeration  Ice            0%         4d7       100%        7
 Discord                  Hex            0%         N/A       100%        8
 Summon Small Mammal      Summ           Unusable   N/A       N/A         1
 Call Canine Familiar     Summ           Unusable   N/A       N/A         3
 Summon Blazeheart Golem  Fire/Summ      Unusable   N/A       N/A         4
 Summon Lightning Spire   Summ/Air       Unusable   N/A       N/A         4
 Summon Forest            Summ/Tloc      Unusable   N/A       N/A         5
 Summon Hydra             Summ           Unusable   N/A       N/A         7

Dungeon Overview and Level Annotations

Branches:
Dungeon (15/15)            Temple (1/1) D:5            Lair (5/5) D:9
 Shoals (0/4) Lair:2       Spider (2/4) Lair:3        Slime (0/5) Lair:4
    Orc (2/2) D:11            Elf (0/3) Orc:2        Vaults (0/5) D:14
 Depths (1/4) D:15

Altars:
Ashenzari
Cheibriados
Dithmenos
Elyvilon
Fedhas
Gozag
Hepliaklqana
Kikubaaqudgha
Makhleb
Nemelex Xobeh
Okawaru
Qazlal
Ru
Sif Muna
Trog
Uskayaw
Vehumet
Wu Jian
Xom
Yredelemnul
Zin
The Shining One

Shops:
D:1 [   D:5 *   D:9 :[   D:14 *   Orc:2 :(*??

Portals:
Abyss: Depths:1

Annotations:
D:11 exclusion: ice statue
Lair:5 3 runed translucent doors, safid's ghost, journeyman DrSh
Spider:1 Nikola


Innate Abilities, Weirdness & Mutations

You have a pair of horns on your head.
You reflexively headbutt those who attack you in melee.


Message History

Nikola is nearby!
Nikola mumbles some strange words.
Lightning arcs from Nikola's hands!
The bolt of lightning hits you!!
You hear a faint skittering sound. x4
Things that are here:
a tarantella corpse; a redback corpse You throw a curare-tipped dart.
The curare-tipped dart hits Nikola.
Nikola is poisoned.
Nikola struggles to breathe.
Nikola seems to slow down.
Nikola is lightly wounded.
You throw a curare-tipped dart. The curare-tipped dart hits Nikola.
Nikola looks as sick as possible!
Nikola struggles to breathe.
Nikola seems to be slow for longer.
Nikola is lightly wounded.
You rampage towards Nikola!
You slice Nikola!! You headbutt Nikola, but do no damage.
Nikola is moderately wounded.
You slice Nikola!!
You feel better.
Nikola is moderately wounded.
You closely miss Nikola. Your headbutt misses Nikola.
Nikola is heavily wounded.
You slash Nikola!
Nikola is heavily wounded.
Nikola mumbles some strange words.
Lightning arcs from Nikola's hands!
The bolt of lightning hits you!!!
A bolt of lightning appears from out of thin air!
The bolt of lightning hits Nikola!
You hear a faint skittering sound. x5; You hear a bark!
You hit Nikola.
You feel better.
Your headbutt misses Nikola.
Nikola is heavily wounded.
You hit Nikola but do no damage. Your headbutt misses Nikola.
Nikola is heavily wounded.
You slice Nikola!!
Nikola is severely wounded.
You slice Nikola!! You headbutt Nikola.
Nikola is almost dead.
You hit Nikola.
You feel better.
Nikola is almost dead.
Nikola casts a spell.
Lightning arcs from Nikola's hands!
The bolt of lightning hits you!!!
You die...

.... .#...
#......#...#..# ###
...#..#..#...... ^.
#.#..^......>.#.
.#....#.##..s#.#..
###...(....s.#.#....
###..@@.#.#.......#...
#>†..........#......#
#.†#...^##(#...#...#
##...####†...##....#
###......#†.....#.s..
#...#..#.†.††#...#s.
##.#.......#..(#..?.
##.##..#.#........#
#^#..##.#.#.#...#.


You could see Nikola (very poisoned, slow).

Vanquished Creatures
  2 ghost moths
  An ironbound preserver (D:14)
  A broodmother (Spider:1)
  2 very ugly things
  A great orb of eyes (D:15)
  An entropy weaver (D:14)
  A fire dragon (D:15)
  Erolcha (D:9)
  Harold (Orc:1)
  5 hydras
  7 centaur warriors
  A radroach (Spider:2)
  A death knight (D:12)
  Erica (D:9)
  A tengu warrior (D:14)
  3 boulder beetles
  2 demonic crawlers (Spider:1)
  3 two-headed ogres
  3 orc high priests (Orc:2)
  A pharaoh ant (Spider:1)
  5 goliath frogs
  2 glowing orange brains
  An arcanist (D:14)
  A deep troll (Lair:1)
  An orb spider (Spider:1)
  7 orc knights
  2 lindwurms
  Pikel (D:6)
  A harpy (shapeshifter) (D:15)
  5 deep elf pyromancers
  4 orc sorcerers (Orc:2)
  14 ugly things
  The ghost of cdecastro the Destroyer, a novice DEFE of Sif Muna (D:8)
  4 wolf spiders
  A manticore (D:14)
  5 cyclopes
  7 elephants
  A moth of wrath (Spider:1)
  3 meliai (D:13)
  A molten gargoyle (D:15)
  5 black mambas
  5 kobold blastminers
  A torpor snail (Lair:3)
  12 cane toads
  An unseen horror (D:13)
  4 kobold demonologists (D:12)
  Jeremiah (D:6)
  2 rime drakes (Lair:5)
  An efreet (D:15)
  A tengu conjurer (D:14)
  10 komodo dragons
  6 trolls
  5 polar bears
  2 tyrant leeches (Lair:5)
  4 tarantellas (Spider:1)
  19 blink frogs
  Prince Ribbit (D:6)
  2 jumping spiders (Spider:1)
  16 slime creatures
  A centaur simulacrum (D:14)
  2 culicivoras
  4 shadows
  A water elemental (D:15)
  5 wyverns
  25 yaks
  3 wraiths
  7 fire elementals (D:15)
  3 steam dragons
  7 basilisks
  3 wargs (Orc:2)
  13 vampire mosquitoes
  10 redbacks
  Menkaure (D:6)
  2 acid dragons
  10 water moccasins
  23 orc warriors
  4 ice beasts
  3 ogres
  2 sky beasts
  4 black bears
  12 wolves
  2 lemures (D:6)
  15 centaurs
  3 kobold brigands
  19 bullfrogs
  4 scorpions
  9 wights
  5 killer bees (D:7)
  An electric eel (Lair:1)
  10 howler monkeys
  A lava snake (D:15)
  17 orc priests
  A bombardier beetle (D:8)
  2 jellies
  Crazy Yiuf (D:7)
  4 hounds
  A sleepcap (D:6)
  Jessica (D:2)
  A gnoll bouda (D:4)
  2 iguanas (D:5)
  27 orc wizards
  3 gnolls (D:4)
  5 adders
  A shadow imp (D:5)
  2 white imps
  4 ufetubi (D:6)
  4 dart slugs
  4 ribbon worms
  65 orcs
  6 ball pythons
  5 bats
  2 endoplasms
  5 giant cockroaches
  5 goblins
  6 hobgoblins
  7 jackals (D:2)
  14 kobolds
  2 quokkas (D:3)
  A frilled lizard (D:2)
  3 rats
619 creatures vanquished.

Vanquished Creatures (others)
  A deep elf pyromancer (D:14)
  A redback simulacrum (D:15)
  An orc wizard (D:11)
  A quokka (D:7)
4 creatures vanquished.

Grand Total: 623 creatures vanquished

Notes
Turn   | Place    | Note
-------+----------+-------------------------------------------
     0 | D:1      | MonkeyDNika the Minotaur Fighter began the quest for the
                  | Orb.
     0 | D:1      | Reached XP level 1. HP: 19/19 MP: 0/0
   141 | D:1      | Found a transporter.
   141 | D:1      | Found Fimu's Antique Armour Boutique.
   143 | D:1      | Reached XP level 2. HP: 27/27 MP: 1/1
   194 | D:1      | Reached skill level 3 in Axes
   310 | D:1      | Found a transporter.
   907 | D:2      | Reached XP level 3. HP: 31/33 MP: 2/2
   920 | D:2      | Found a basalt altar of Yredelemnul.
  1694 | D:2      | Noticed Jessica
  1698 | D:2      | Killed Jessica
  1699 | D:2      | Reached XP level 4. HP: 40/40 MP: 3/3
  2002 | D:3      | Noticed a scorpion
  2007 | D:3      | Killed a scorpion
  2008 | D:3      | Reached skill level 4 in Axes
  2015 | D:3      | Noticed a scorpion
  2027 | D:3      | Killed a scorpion
  2028 | D:3      | Reached XP level 5. HP: 32/47 MP: 4/4
  3301 | D:4      | Reached skill level 5 in Axes
  3376 | D:4      | Reached XP level 6. HP: 6/55 MP: 5/5
  4188 | D:4      | Reached skill level 5 in Fighting
  4332 | D:4      | Found an opulent altar of Gozag.
  4524 | D:5      | Entered Level 5 of the Dungeon
  4524 | D:5      | Noticed a steam dragon
  4534 | D:5      | Killed a steam dragon
  4535 | D:5      | Reached skill level 5 in Armour
  4535 | D:5      | Reached skill level 5 in Shields
  4536 | D:5      | Reached skill level 6 in Axes
  4828 | D:5      | Found a staircase to the Ecumenical Temple.
  4869 | D:5      | Reached XP level 7. HP: 53/61 MP: 6/6
  5424 | D:5      | Found Telyhoz's CLEARANCE SALE!.
  5743 | D:5      | Bought the +1 pair of boots of Puckish Contentment {Fly
                  | Will+ SInv} for 170 gold pieces
  5799 | D:6      | You are sucked into a shaft and drop 1 floor!
  5814 | D:7      | Reached skill level 7 in Axes
  5814 | D:7      | HP: 3/62 [killer bee (5)]
  5815 | D:7      | Found a stormy altar of Qazlal.
  6159 | D:7      | Noticed a steam dragon
  6191 | D:7      | Killed a steam dragon
  6408 | D:7      | Reached XP level 8. HP: 62/70 MP: 7/7
  6608 | D:7      | Reached skill level 8 in Axes
  7010 | D:7      | Found a runed translucent door.
  7011 | D:7      | Noticed Crazy Yiuf
  7028 | D:7      | Found an ornate altar of the Wu Jian Council.
  7192 | D:7      | Reached skill level 9 in Axes
  7257 | D:7      | Reached XP level 9. HP: 74/79 MP: 8/8
  7316 | D:6      | Found a sparkling altar of Nemelex Xobeh.
  7475 | D:6      | Noticed Pikel
  7478 | D:6      | Noticed Prince Ribbit
  7488 | D:6      | Killed Pikel
  7489 | D:6      | Reached skill level 10 in Axes
  7502 | D:6      | Killed Prince Ribbit
  7575 | D:6      | Noticed Jeremiah
  7738 | Temple   | Entered the Ecumenical Temple
  7862 | D:6      | Found a shimmering blue altar of Sif Muna.
  7869 | D:6      | Reached skill level 11 in Axes
  8216 | D:6      | Killed Jeremiah
  8715 | D:6      | Noticed Menkaure
  8723 | D:6      | Killed Menkaure
  8724 | D:6      | Reached XP level 10. HP: 80/90 MP: 9/9
  9019 | D:7      | Found a white marble altar of Elyvilon.
  9207 | D:7      | Found an iron altar of Okawaru.
  9381 | D:7      | Became a worshipper of Warmaster Okawaru
  9453 | D:7      | Killed Crazy Yiuf
 10196 | D:8      | Found a runed translucent gate.
 10197 | D:8      | Found a runed translucent gate.
 10198 | D:8      | Found a runed translucent gate.
 10199 | D:8      | Noticed cdecastro's ghost (novice DEFE)
 10419 | D:8      | Found a snail-covered altar of Cheibriados.
 10670 | D:8      | Killed cdecastro's ghost
 10790 | D:9      | Reached * piety under Okawaru
 10791 | D:9      | Reached skill level 12 in Axes
 11078 | D:9      | Found a bloodstained altar of Trog.
 11110 | D:9      | Noticed Erica
 11120 | D:9      | Killed Erica
 11121 | D:9      | Reached skill level 1 in Invocations
 11512 | D:9      | Found Xoituup's Vocational Training.
 11920 | D:9      | Noticed Erolcha
 11930 | D:9      | Killed Erolcha
 11930 | D:9      | Reached ** piety under Okawaru
 12176 | D:9      | Found a staircase to the Lair.
 12373 | D:9      | Found Liebinuy's Armour Shop.
 12648 | D:10     | Entered Level 10 of the Dungeon
 13431 | D:10     | Reached XP level 11. HP: 91/99 MP: 12/12
 13762 | D:10     | Noticed a two-headed ogre
 14354 | D:10     | Killed a two-headed ogre
 15795 | D:11     | Reached skill level 13 in Axes
 15798 | D:11     | Reached *** piety under Okawaru
 15923 | D:11     | Reached skill level 10 in Fighting
 15926 | D:11     | Reached skill level 10 in Shields
 15939 | D:11     | Reached skill level 10 in Armour
 16162 | D:11     | Noticed a two-headed ogre
 16177 | D:11     | Killed a two-headed ogre
 16721 | D:11     | Found a staircase to the Orcish Mines.
 16918 | Lair:1   | Entered Level 1 of the Lair of Beasts
 16927 | Lair:1   | Reached skill level 5 in Invocations
 16943 | Lair:1   | Reached **** piety under Okawaru
 17188 | Lair:1   | Reached skill level 1 in Throwing
 17671 | Lair:1   | Noticed a deep troll
 17689 | Lair:1   | Killed a deep troll
 18509 | Lair:2   | Reached skill level 14 in Axes
 18512 | Lair:2   | Reached XP level 12. HP: 70/108 MP: 6/14
 19509 | Lair:2   | Found a staircase to the Shoals.
 20071 | Lair:3   | Reached ***** piety under Okawaru
 20544 | Lair:3   | Noticed a four-headed hydra
 20557 | Lair:3   | Killed a 14-headed hydra
 20885 | Lair:3   | Found a hole to the Spider Nest.
 20921 | Lair:3   | Reached skill level 5 in Throwing
 21031 | Lair:3   | Noticed a four-headed hydra
 21045 | Arena    | Entered the Arena
 21895 | Lair:3   | Identified the +11 dagger "Hydraslayer" {drain, *Slow rF+
                  | rC++ Stlth+}
 23141 | D:12     | Reached skill level 15 in Axes
 24206 | D:12     | Noticed a centaur warrior
 24206 | D:12     | Noticed an eight-headed hydra
 24209 | D:12     | Noticed a death knight
 24211 | D:12     | Killed a centaur warrior
 24211 | D:12     | Noticed a cyan very ugly thing
 24379 | D:12     | Killed a death knight
 24509 | D:12     | Killed a cyan very ugly thing
 24510 | D:12     | Reached XP level 13. HP: 93/117 MP: 9/16
 25085 | D:12     | Gained mutation: Your spells are a little easier to cast,
                  | but a little less powerful. [a neqoxec]
 25089 | D:12     | Gained mutation: Armour fits poorly on your strangely
                  | shaped body. [a neqoxec]
 25151 | D:12     | Identified the +9 plate armour of the Forsaken Scars
                  | {Rampage rC+ Dex-3 Stlth+}
 26729 | D:12     | Identified a scroll of acquirement
 27376 | Lair:4   | Reached skill level 16 in Axes
 28519 | Lair:4   | Found a staircase to the Slime Pits.
 28785 | Lair:5   | Entered Level 5 of the Lair of Beasts
 28785 | Lair:5   | Found a runed translucent gate.
 28785 | Lair:5   | Found a runed translucent gate.
 28785 | Lair:5   | Found a runed translucent gate.
 28871 | Lair:5   | Received a gift from Okawaru
 29845 | Lair:5   | Reached XP level 14. HP: 127/127 MP: 19/19
 29879 | Lair:5   | Received a gift from Okawaru
 30544 | Lair:5   | Lost mutation: Armour fits poorly on your strangely shaped
                  | body. [potion of mutation]
 30544 | Lair:5   | Lost mutation: Your spells are a little easier to cast, but
                  | a little less powerful. [potion of mutation]
 30544 | Lair:5   | Gained mutation: You have an increased reservoir of magic.
                  | (+10% MP) [potion of mutation]
 30544 | Lair:5   | Lost mutation: You have an increased reservoir of magic.
                  | (+10% MP) [potion of mutation]
 31154 | Lair:5   | Reached skill level 17 in Axes
 31555 | Lair:5   | Noticed safid's ghost (journeyman DrSh)
 32743 | D:5      | Bought a potion of cancellation for 48 gold pieces
 33961 | D:14     | Found Hahog's Gadget Gallery.
 35584 | D:14     | Received a gift from Okawaru
 36543 | D:14     | Noticed an ironbound preserver
 36558 | D:14     | Killed an ironbound preserver
 36616 | D:14     | Found a gate to the Vaults.
 36861 | D:15     | Entered Level 15 of the Dungeon
 36952 | D:15     | Noticed a brown very ugly thing
 36969 | D:15     | Killed a brown very ugly thing
 37642 | D:15     | Received a gift from Okawaru
 37729 | D:15     | Reached XP level 15. HP: 63/136 MP: 20/20
 38251 | D:15     | Reached skill level 18 in Axes
 38704 | D:15     | Found an iron altar of Okawaru.
 39121 | D:15     | Found a staircase to the Depths.
 39307 | Depths:1 | Entered Level 1 of the Depths
 39307 | Depths:1 | Found a one-way gate to the infinite horrors of the Abyss.
 39570 | Orc:1    | Entered Level 1 of the Orcish Mines
 39590 | Orc:1    | Found a bloodstained altar of Trog.
 39638 | Orc:1    | Noticed Harold
 39846 | Orc:1    | Killed Harold
 40237 | Orc:2    | Entered Level 2 of the Orcish Mines
 40524 | Orc:2    | Found Nopitt's General Store.
 40621 | Orc:2    | Found Itocyos's Magic Scroll Boutique.
 40672 | Orc:2    | Found Qownyogg's Magic Scroll Shoppe.
 40680 | Orc:2    | Received a gift from Okawaru
 41198 | Orc:2    | Found Tegarr's Antique Weapon Shoppe.
 41200 | Orc:2    | Found Fytuack's Book Boutique.
 41250 | Orc:2    | Found a staircase to the Elven Halls.
 41442 | Orc:2    | Bought a scroll of teleportation for 39 gold pieces
 41442 | Orc:2    | Bought a scroll of blinking for 97 gold pieces
 41442 | Orc:2    | Bought a scroll of blinking for 97 gold pieces
 41442 | Orc:2    | Bought a scroll of blinking for 97 gold pieces
 42046 | Orc:2    | Bought a scroll of acquirement for 676 gold pieces
 42046 | Orc:2    | Acquired 511 gold pieces
 42047 | Orc:2    | Acquired 682 gold pieces
 42472 | Spider:1 | Entered Level 1 of the Spider Nest
 42559 | Spider:1 | Reached skill level 10 in Invocations
 42574 | Spider:1 | Reached skill level 1 in Evocations
 42611 | Spider:1 | Noticed Nikola
 42617 | Spider:1 | Reached skill level 10 in Throwing
 43029 | Spider:1 | Killed from afar by Nikola

Illustrated notes

Levels and vault maps discovered:
D:1:      ncdulo_lavacross, layout_basic, serial_shops, nicolae_shop_drivethru
D:2:      layout_rooms, basic_altar, uniq_jessica
D:3:      layout_basic, chequers_serial_rivers_small_a
D:4:      layout_basic, kennysheep_little_box, chequers_arboretum
D:5:      layout_basic, temple_statues, nicolae_shop_clearance
D:6:      hellmonk_ruined_rings, layout_loops_ring, general_overflow_altar,
          lemuel_crystal_altar, gup_sewer_entry_glass, uniq_jeremiah,
          uniq_pikel, uniq_prince_ribbit1, uniq_menkaure
D:7:      layout_loops_ring, lemuel_coloured_pillars_altar,
          mainiacjoe_overflow_tiny_flanked, elyvilon_altar_4,
          mainiacjoe_overflow_six_doors_small, uniq_crazy_yiuf_cottage
D:8:      layout_cave_pools, slow_altar_2, ebering_ghost_rock_garden,
          serial_rivers, chequers_serial_rivers_micro_d,
          chequers_serial_rivers_small_a, chequers_serial_rivers_micro_d,
          chequers_serial_rivers_micro_e, chequers_serial_rivers_micro_c
D:9:      layout_roguey, trog_book, lair_entry_dummy, serial_shops,
          shop_fountains, nicolae_shop_vocational, uniq_erolcha, uniq_erica
D:10:     layout_grid_maze
D:11:     layout_irregular_city, hiddenorc1_lemuel, serial_column_ruins,
          column_ruins_courtyard_long, column_ruins_square_medium,
          column_ruins_open_small, column_ruins_grid_3, column_ruins_grid_2,
          column_ruins_columns_straight, column_ruins_columns_straight,
          column_ruins_grid_1, column_ruins_open_small, serial_park_tiny_2,
          minivault_15
D:12:     layout_basic, minmay_misc_feat_five, nicolae_doodle_vault
D:13:     layout_loops_corners
D:14:     layout_stronghold, hellmonk_vaults_order_and_chaos, drop_trap,
          nicolae_shop_gadgets
D:15:     gammafunk_enter_depths_forms, layout_basic, fountainhead,
          kennysheep_okawaru_gauntlet
Temple:   hellmonk_temple_forest_ring
Lair:1:   dreamdust_cave_troll, layout_cave_pods, serial_bayou_ford_a
Lair:2:   layout_regular_city, elwin_shoals_entry_rocks, grunt_megastairs_3
Lair:3:   layout_regular_city, spider_nest_entry_webs
Lair:4:   layout_loops_ring, slime_entry_1, beast_lair_carwin_4
Lair:5:   minmay_lair_end_frog_pond, layout_loops_ring,
          gammafunk_ghost_hydra_chop, infiniplex_staircase_pool_2
Spider:1: layout_spider_delve, uniq_frances, uniq_azrael, uniq_nikola
Spider:2: layout_cave_pods
Orc:1:    layout_caves, basic_altar, uniq_harold
Orc:2:    st_orc_elflike, layout_caves, serial_shops, shop
Depths:1: layout_small_grid, abyss_entry, grunt_metal_band,
          minmay_misc_feat_four_crosses, kennysheep_generic_room_9,
          uniq_enchantress

Skill      XL: |  1  2  3  4  5  6  7  8  9 10 11 12 13 14 15 |
---------------+----------------------------------------------+-----
Axes           | 3 4 5 6 7 9 11 12 14 15 16 17 18 | 18.0
Armour         | 4 5 6 7 8 9 10 11 12 13 14 | 14.3
Fighting       | 4 5 6 7 8 9 10 11 12 13 14 | 14.3
Shields        | 4 5 6 7 8 9 10 11 12 13 14 | 14.1
Invocations    | 3 5 6 8 9 10 | 10.3
Throwing       | 3 5 6 8 10 | 10.0
Evocations     | 1 |  1.6

Action                     |  1- 3 |  4- 6 |  7- 9 | 10-12 | 13-15 || total
---------------------------+-------+-------+-------+-------+-------++-------
  Melee: War axe           |    68 |    67 |   194 |   550 |   952 ||  1831
         Headbutt          |     9 |    10 |    37 |   103 |   239 ||   398
         Unarmed           |       |       |       |       |    22 ||    22
  Throw: Dart              |       |     5 |       |    35 |   195 ||   235
         Javelin           |       |       |       |       |     1 ||     1
 Invoke: Heroism           |       |       |       |     9 |    14 ||    23
         Finesse           |       |       |       |     7 |     9 ||    16
         Duel              |       |       |       |     1 |       ||     1
  Evoke: Wand              |       |       |       |     2 |    34 ||    36
    Use: Potion            |       |     2 |     5 |     9 |    13 ||    29
         Scroll            |       |     8 |     2 |    10 |    17 ||    37
   Stab: Distracted        |       |       |       |     1 |       ||     1
         Invisible         |       |       |       |       |     3 ||     3
 Armour: Scale mail        |    51 |    54 |   180 |   374 |    57 ||   716
         Plate armour      |       |       |       |       |   628 ||   628
         Skin              |       |       |       |       |    61 ||    61
  Dodge: Dodged            |    37 |    41 |   100 |   185 |   196 ||   559
  Block: Buckler           |    16 |    12 |    69 |   222 |       ||   319
         Reflection        |       |       |       |    15 |    45 ||    60
         Kite shield       |       |       |       |   103 |   809 ||   912
